 Dungeon Crawl Stone Soup version 0.17-a0-1767-gccbed74 (webtiles) character file.

336 4thArraOfDagon the Firebug (level 6, 0/32 HPs)
             Began as a Deep Elf Fire Elementalist on Sept 6, 2015.
             Was a Believer of Cheibriados.
             Slain by a gnoll
             ... wielding a +2 vampiric spear
              (11 damage)
             ... on level 4 of the Dungeon.
             The game lasted 00:05:59 (999 turns).

4thArraOfDagon the Firebug (DEFE)                    Turns: 999, Time: 00:06:00

Health: 0/32       AC:  3    Str: 15    XL:     6   Next: 28%
Magic:  7/15       EV: 13    Int: 26    God:    Cheibriados [**....]
Gold:   111        SH:  0    Dex: 19    Spells: 3 memorised, 6 levels left

rFire  . . .     SeeInvis .     i - +1 rapier (drain)
rCold  . . .     Clarity  .     a - +0 robe
rNeg   . . .     SustAt   .     (no shield)
rPois  .         Gourm    .     (no helmet)
rElec  .         Spirit   .     (no cloak)
rCorr  .         Warding  .     (no gloves)
rMut   .         Stasis   .     k - +0 pair of boots
MR     .....                    (no amulet)
Stlth  ++........               (no ring)
                                f - +6 ring of strength

@: very slow, not resistant to hostile enchantments, unstealthy
A: no striking features
a: Bend Time, Renounce Religion


You were on level 4 of the Dungeon.
You worshipped Cheibriados.
Cheibriados was pleased with you.
You were not hungry.

You visited 1 branch of the dungeon, and saw 4 of its levels.

You collected 111 gold pieces.

Inventory:

Hand weapons
 i - a +1 rapier of draining (weapon)
Armour
 a - a +0 robe (worn)
 k - a +0 pair of boots (worn)
Jewellery
 f - a +6 ring of strength (left hand)
Scrolls
 d - a scroll of remove curse {unknown}
 j - a scroll of enchant weapon {unknown}
 m - a scroll of teleportation {unknown}
 o - a scroll of fog {unknown}
 p - a scroll of amnesia {unknown}
Potions
 e - a potion of poison {unknown}
 g - a potion of curing {unknown}
 h - 2 potions of heal wounds
 n - a potion of flight {unknown}
 q - a potion of lignification {unknown}
Books
 b - a book of Flames

   Spells                             Type                      Level
   a - Flame Tongue                   Conjuration/Fire             1
   b - Throw Flame                    Conjuration/Fire             2
   c - Conjure Flame                  Conjuration/Fire             3
   d - Inner Flame                    Hexes/Fire                   3
   e - Sticky Flame                   Conjuration/Fire             4
   f - Fireball                       Conjuration/Fire             5
Comestibles
 c - 4 bread rations
 l - 2 chunks of flesh
 r - a meat ration


   Skills:
 - Level 2.4 Dodging
 - Level 2.4 Stealth
 + Level 4.8 Spellcasting
 * Level 4.5 Conjurations
 * Level 5.4 Fire Magic


You had 6 spell levels left.
You knew the following spells:

 Your Spells              Type           Power        Failure   Level  Hunger
a - Flame Tongue          Conj/Fire      ####.        1%          1    None
b - Conjure Flame         Conj/Fire      ####....     3%          3    ##.....
c - Sticky Flame          Conj/Fire      ####....     12%         4    ####...


Dungeon Overview and Level Annotations

Branches:
Dungeon (4/15)
 Temple: D:4-7

Altars:
Cheibriados
Xom
Zin

Annotations:
D:3 Natasha
D:4 Edmund


Message History

The helpless goblin fails to defend itself.
You puncture the goblin!
You kill the goblin!
Cheibriados appreciates the change of pace.
You see here a goblin corpse.
You open the door.
A goblin and a gnoll come into view.
There is an open door here.
Unknown command.
The helpless goblin fails to defend itself.
You puncture the goblin!
You kill the goblin!
Cheibriados thoroughly appreciates the change of pace.
Unknown command.
The gnoll shouts!
The gnoll hits you with a vampiric spear.
Unknown command.
You barely miss the gnoll.
The gnoll hits you with a vampiric spear!
You die...

### ####### #..
#..'†.####
#..####..#..'@.#
...#..'..#..####)g#
..#####..##'#)(####
..#...##'#..)(....# #
..#...#.....#####.# .#
..###)#..#'##...#.##'##
...#..'..#..#...'..'.(#
...#..#..#..#...#..#..#
...####.##'##'###.#####


You could see a gnoll.

Vanquished Creatures
  The ghost of 4thArraOfDagon the Firebug, an average DEFE (D:4)
  A scorpion (D:4)
  An orc wizard (D:4)
  Jessica (D:2)
  A gnoll (D:4)
  6 adders
  A worm (D:4)
  7 orcs
  3 giant cockroaches (D:3)
  9 goblins
  4 hobgoblins
  A quokka (D:2)
  2 ball pythons
  3 bats
  2 giant geckos (D:2)
  A giant newt (D:3)
  6 kobolds
  6 rats
56 creatures vanquished.

Notes
Turn   | Place    | Note
--------------------------------------------------------------
     0 | D:1      | 4thArraOfDagon the Deep Elf Fire Elementalist began the quest for the Orb.
     0 | D:1      | Reached XP level 1. HP: 10/10 MP: 6/6
   145 | D:2      | :(
   151 | D:2      | Noticed Jessica
   155 | D:2      | Killed Jessica
   155 | D:2      | Reached XP level 2. HP: 6/15 MP: 0/8
   155 | D:2      | Reached XP level 3. HP: 7/19 MP: 0/9
   164 | D:2      | Reached skill level 4 in Fire Magic
   321 | D:3      | Found a snail-covered altar of Cheibriados.
   321 | D:3      | Found a glowing silver altar of Zin.
   332 | D:3      | Became a worshipper of Cheibriados the Contemplative
   548 | D:2      | Reached XP level 4. HP: 20/24 MP: 9/11
   614 | D:4      | Noticed Edmund
   635 | D:3      | Learned a level 3 spell: Conjure Flame
   640 | D:3      | Learned a level 4 spell: Sticky Flame
   654 | D:3      | Acquired Cheibriados's first power
   784 | D:3      | Noticed Natasha
   786 | D:3      | Found a shimmering altar of Xom.
   887 | D:4      | Reached XP level 5. HP: 26/28 MP: 6/13
   891 | D:4      | Noticed 4thArraOfDagon's ghost (average DEFE)
   898 | D:4      | Killed 4thArraOfDagon's ghost
   898 | D:4      | Reached skill level 5 in Fire Magic
   898 | D:4      | Reached XP level 6. HP: 17/32 MP: 1/15
   999 | D:4      | Slain by a gnoll

Vault maps used:
D:1:      dpeg_arrival_three_same_balls, corexii_leaking_fountain,
          wad_floor_pattern_untrapped
D:2:      vehumet_crystals, first_bread, hangedman_decor_peaks_small,
          fountainhead, amethyst_killhole, uniq_jessica
D:3:      xom_teletrap_fun, grunt_temple_overflow_open,
          minmay_misc_feat_enclosed, kennysheep_cross_room, uniq_natasha
D:4:      corexii_shantytown, yredelemnul_forgotten_temple_becter,
          minmay_temple_entry_butterflies, uniq_sigmund, uniq_edmund

Action                   |  1- 3 |  4- 6 || total
-------------------------+-------+-------++-------
Melee: Unarmed           |    11 |       ||    11
       Rapier            |     8 |    38 ||    46
 Cast: Flame Tongue      |    25 |    26 ||    51
       Sticky Flame      |       |     2 ||     2
       Conjure Flame     |       |     1 ||     1
  Use: Scroll            |     3 |     1 ||     4
       Potion            |     1 |       ||     1
 Stab: Sleeping          |     3 |     6 ||     9
